Map: Blackpink LE

Players

PhyNix

  • Race: Terran Terran
  • League: Diamond
  • Spawn Location: 1:00

eXoBLaZeR - Winner!

  • Race: Terran Terran
  • League: Master
  • Spawn Location: 7:00

VOD

Have the link to the VOD?

Description

Time

  • Played on: March 3, 2018, 4:37 a.m.
  • Length: 11:03
Show
View Real Time Build Order
Export as new Build Order

PhyNix Terran 

Build Orders: Cyclone Opening, Reaper Expand, Mech 

Get SALT Encoding   

  12  0:00  SCV  
  13  0:13  SCV  
  14  0:17  Supply Depot  
  14  0:25  SCV  
  14  0:28  Refinery  
  15  0:39  SCV  
  16  0:45  Barracks  
  16  0:52  SCV  
  17  1:04  SCV  
  18  1:16  SCV  
  19  1:32  Orbital Command  
  19  1:33  Reaper  
  20  1:48  Command Center  
  20  2:02  Factory  
  20  2:08  Barracks Reactor  
  20  2:10  SCV  
  20  2:16  Supply Depot  
  20  2:22  SCV, Refinery  
  21  2:34  SCV  
  22  2:46  SCV  
  23  2:55  Cyclone  
  23  2:56  Hellion  
  28  3:02  Orbital Command  
  28  3:08  SCV  
  29  3:19  Cyclone  
  31  3:27  Cyclone, SCV  
  31  3:29  SCV  
  31  3:32  Supply Depot  
  36  3:44  SCV x2  
  35  3:57  Supply Depot  
  35  3:59  SCV x2  
  35  4:02  Cyclone x2  
  43  4:18  SCV x2  
  43  4:20  Supply Depot  
  45  4:30  Starport  
  45  4:34  Hellion  
  45  4:35  SCV x2, Hellion  
  51  4:42  Supply Depot  
  51  4:47  Barracks Tech Lab  
  51  4:51  Factory  
  50  5:09  SCV x2  
  52  5:14  Supply Depot  
  52  5:20  Viking  
  54  5:27  Command Center  
  54  5:31  SCV  
  54  5:32  SCV, Refinery  
  54  5:33  Refinery  
  56  5:42  Hellion x2  
  60  5:44  SCV x2  
  60  5:46  Siege Tank  
  65  5:59  SCV x2  
  65  6:01  Viking  
  69  6:05  Hellion x2  
  73  6:15  SCV x2  
  73  6:16  Engineering Bay  
  75  6:22  Siege Tank  
  78  6:27  SCV x2  
  78  6:32  Viking  
  78  6:47  Hellion  
  78  6:48  Hellion  
  74  7:03  Siege Tank  
  74  7:06  Orbital Command  
  74  7:07  SCV x2  
  74  7:16  Missile Turret  
  74  7:19  SCV  
  75  7:23  SCV  
  75  7:24  Missile Turret  
  76  7:31  SCV  
  76  7:33  Hellion x2  
  76  7:36  SCV  
  76  7:37  Factory, SCV  
  83  7:38  Factory  
  83  7:47  Starport Reactor  
  83  7:48  Siege Tank  
  86  7:55  Supply Depot  
  52  8:18  Hellion x2  
  51  8:29  Factory Tech Lab x2  
  51  8:30  Viking x2  
  51  8:31  SCV x2  
  51  8:32  Siege Tank, SCV  
  58  8:37  Armory  
  58  8:39  Orbital Command  
  58  8:52  SCV x2  
  58  8:53  Siege Tank x2  
  66  9:00  Supply Depot  
  66  9:10  Missile Turret  
  66  9:14  Siege Tank  
  69  9:19  SCV  
  70  9:25  Siege Tank  
  70  9:29  Hellion x2  
  77  9:32  Missile Turret  
  77  9:35  SCV  
  77  9:36  SCV x2  
  80  9:40  Supply Depot  
  80  9:45  Missile Turret  
  78  9:55  Siege Tank  
  66  10:18  Hellbat  
  49  10:28  Siege Tank  
  54  10:31  Hellbat  
  51  10:39  Hellbat  
  42  10:54  Factory  
  42  10:55  Factory  
Show
View Real Time Build Order
Export as new Build Order

eXoBLaZeR Terran - Winner!

Build Orders: Cyclone Opening, MMM Bio 

Get SALT Encoding   

  12  0:00  SCV  
  13  0:12  SCV  
  14  0:17  Supply Depot  
  14  0:24  SCV  
  15  0:29  Refinery  
  15  0:39  SCV  
  16  0:45  Barracks  
  16  0:51  SCV  
  17  0:57  Refinery  
  17  1:03  SCV  
  18  1:15  SCV  
  19  1:31  Orbital Command  
  19  1:32  Reaper  
  20  1:42  Factory  
  20  1:51  Supply Depot  
  20  1:59  SCV  
  21  2:08  Reaper  
  20  2:15  SCV  
  21  2:27  SCV  
  22  2:30  Starport  
  22  2:35  Cyclone  
  25  2:41  Barracks Reactor  
  25  2:45  SCV  
  26  2:58  SCV, Liberator  
  30  3:21  SCV  
  31  3:38  Supply Depot  
  31  3:43  Liberator  
  30  3:57  Cyclone  
  32  4:03  Cyclone  
  32  4:04  Command Center  
  32  4:06  SCV  
  36  4:10  Supply Depot  
  33  4:24  SCV  
  33  4:28  Barracks Tech Lab  
  34  4:32  Barracks  
  34  4:34  Barracks  
  34  4:36  SCV  
  35  4:49  SCV  
  35  4:50  Starport Tech Lab, Marine  
  35  4:51  Stimpack  
  40  5:05  SCV  
  41  5:08  Cloaking Field  
  41  5:09  Banshee  
  41  5:14  Marine  
  38  5:18  Orbital Command  
  38  5:19  SCV  
  38  5:21  Refinery  
  40  5:33  Barracks Reactor  
  40  5:34  Factory Tech Lab  
  40  5:35  Marine  
  40  5:37  Marine x2  
  43  5:47  SCV  
  44  5:52  Banshee  
  44  5:56  Marine  
  48  6:00  SCV  
  48  6:01  SCV, Refinery  
  50  6:15  Marine x2  
  50  6:16  Marine x3  
  50  6:17  Siege Tank  
  57  6:38  SCV x2  
  57  6:39  Marine  
  59  6:40  Marine x2  
  59  6:42  Starport  
  62  6:55  SCV, Marine x2  
  62  7:00  Supply Depot  
  62  7:01  Supply Depot  
  62  7:02  Supply Depot  
  62  7:11  SCV x2  
  61  7:23  SCV  
  61  7:28  SCV  
  63  7:30  Factory Tech Lab  
  63  7:31  Marine x2  
  63  7:32  Combat Shields, Marauder  
  63  7:35  SCV, Concussive Shells, Medivac  
  63  7:36  Medivac  
  72  7:41  Command Center  
  71  7:52  Marine x2, Marauder  
  71  7:53  Marauder  
  71  7:56  Siege Tank  
  74  8:10  Marine x2  
  59  8:14  Marine, Marauder  
  58  8:25  Medivac x2  
  60  8:28  Siege Tank, Marine  
  60  8:32  SCV, Marauder  
  60  8:33  SCV  
  68  8:35  Marauder  
  68  8:40  Barracks  
  70  8:42  Barracks  
  70  8:44  SCV  
  70  8:45  SCV  
  72  8:50  Marine x2  
  72  8:54  Marauder  
  76  8:56  Marauder  
  76  9:00  Siege Tank  
  81  9:04  Medivac  
  81  9:05  Medivac  
  85  9:11  Engineering Bay  
  85  9:19  Marine x2  
  85  9:20  Marauder x2  
  91  9:26  Supply Depot, SCV  
  91  9:27  Supply Depot, SCV x2  
  91  9:30  Barracks Reactor, Barracks Tech Lab  
  94  9:37  Marine x2  
  96  9:41  Marauder x2  
  100  9:50  Marauder  
  102  9:55  Marine x2  
  97  10:09  Marine x2, Marauder x2  
  97  10:10  SCV x2  
  97  10:11  Marine  
  97  10:13  Marine  
  103  10:22  SCV, Medivac x2  
  103  10:23  SCV  
  108  10:37  Marine x3, Marauder x3  
  108  10:40  SCV  
  108  10:41  SCV  
Tags
 
Add a new tag
Caveats
  • Supply blocks, unpowered buildings, or Contaminate may cause inaccurate times.
  • Supply counts are checked every 10 seconds.